 Dungeon Crawl Stone Soup version 0.30-a0-743-gbfdf073431 (webtiles) character file.

Game seed: 16629859779208071014

448002 Anon1729 the Minotaur Blade (level 23, -15/214 (215) HPs)
             Began as a Minotaur Monk on Feb 7, 2023.
             Was the Champion of Qazlal.
             Killed from afar by an ancient lich (104 damage)
             ... with a crystal spear
             ... on level 4 of the Vaults.
             The game lasted 01:14:54 (40830 turns).

Anon1729 the Minotaur Blade (Minotaur Monk)        Turns: 40830, Time: 01:14:54

HP:   -15/214 (215) AC: 35    Str: 24    XL:     23   Next: 14%
MP:   37/37         EV: 23    Int:  9    God:    Qazlal [******]
Gold: 289           SH:  8    Dex: 25    Spells: 22/22 levels left

rFire   + . .      SeeInvis .    d - +13 Maxwell's thermic engine {flame, freeze}
rCold   + . .      Faith    +    (no shield)
rNeg    . . .      Spirit   .    V - +3 chain mail of Ignis's Generosity {Harm rC+ Regen+ rCorr}
rPois   .          Reflect  .    R - +2 hat
rElec   .          Harm     +    Z - scarf {shadows}
rCorr   +          Rampage  .    n - +2 pair of gloves
Will    +....                    h - +3 pair of boots of Instinct {Regen+} Stlth
                                 P - amulet of faith
HPRegen 2.15/turn                m - +6 ring of dexterity
MPRegen 0.25/turn                B - ring "Xawnoq" {rF+ AC+4 Str+5}

@: protected from physical damage, lightly drained, repel missiles
A: horns 2, retaliatory headbutt
}: 2/15 runes: barnacled, gossamer
a: Renounce Religion, Upheaval, Elemental Force, Disaster Area


You were on level 4 of the Vaults.
You worshipped Qazlal.
Qazlal was exalted by your worship.
You visited 7 branches of the dungeon, and saw 38 of its levels.
You visited the Abyss 1 time.
You visited 1 bazaar.
You also visited: Trove, Ossuary, Ice Cave and Desolation.

You collected 4905 gold pieces.
You spent 4616 gold pieces at shops.

Inventory:

Hand Weapons
 d - the +13 Maxwell's thermic engine (weapon) {flame, freeze}
   (You found it in a treasure trove)

   It becomes more effective when it hits something.
   This effect fades over time.
 e - a +6 triple sword of holy wrath
 f - the +8 triple sword of Minetot {heavy, rPois Dex+3}
   (You found it in a treasure trove)

   Dex:       It affects your dexterity (+3).
   rPois:     It protects you from poison.
Missiles
 l - 5 throwing nets (quivered)
Armour
 h - the +3 pair of boots of Instinct (worn) {Regen+}
   (You acquired it on level 3 of the Lair of Beasts)

   Regen:     It increases your rate of health regeneration.
 n - a +2 pair of gloves (worn)
 R - a +2 hat (worn)
 V - the +3 chain mail of Ignis's Generosity (worn) {Harm rC+ Regen+ rCorr}
   (You found it on level 13 of the Dungeon)

   rC:        It protects you from cold.
   Regen:     It increases your rate of health regeneration.
   rCorr:     It protects you from acid and corrosion.
   Harm:      It increases damage dealt and taken.
 Z - a scarf of shadows (worn)
Jewellery
 m - a +6 ring of dexterity (left hand)
 B - the ring "Xawnoq" (right hand) {rF+ AC+4 Str+5}
   (You found it in the Desolation of Salt)

   [ring of protection]

   AC:        It affects your AC (+4).
   Str:       It affects your strength (+5).
   rF:        It protects you from fire.
 F - the amulet of the Air {Inacc Air Fly rElec RMsl}
   (You found it in the Desolation of Salt)

   [amulet of nothing]

   Inacc:     It reduces the accuracy of your attacks and spells.
   Air:       It enhances your air magic.
   rElec:     It insulates you from electricity.
   Fly:       It grants you flight.
   RMsl:      It protects you from missiles.
 I - a ring of see invisible
 K - the amulet "Ycwualas" {Reflect rElec rC+++ rN++ Int-4 SH+5}
   (You bought it in a shop in a bazaar)

   [amulet of reflection]

   It reflects blocked missile attacks.
   Int:       It affects your intelligence (-4).
   rC:        It renders you almost immune to cold.
   rElec:     It insulates you from electricity.
   rN:        It greatly protects you from negative energy.
   SH:        It affects your SH (+5).
 O - a ring of willpower
 P - an amulet of faith (around neck)
Wands
 b - a wand of acid (5)
 s - a wand of polymorph (24)
 v - a wand of iceblast (17)
 y - a wand of flame (79)
 A - a wand of paralysis (46)
 S - a wand of digging (12)
 W - a wand of mindburst (7)
Scrolls
 i - 3 scrolls of enchant armour
 k - a scroll of blinking
 o - 5 scrolls of immolation
 r - 29 scrolls of teleportation
 u - 2 scrolls of brand weapon
 x - 5 scrolls of magic mapping
 D - 3 scrolls of torment
 E - 8 scrolls of vulnerability
 M - 10 scrolls of poison
 N - 2 scrolls of butterflies
 T - 7 scrolls of fog
 X - 6 scrolls of fear
Potions
 a - 2 potions of invisibility
 c - 12 potions of ambrosia
 g - 11 potions of haste
 p - 12 potions of flight
 q - 6 potions of heal wounds
 t - 15 potions of curing
 w - 8 potions of berserk rage
 C - 2 potions of cancellation
 G - 6 potions of attraction
 H - 14 potions of might
 J - 7 potions of brilliance
 L - a potion of magic
 Q - a potion of mutation
 Y - 9 potions of lignification
Miscellaneous
 j - a phial of floods
 z - a condenser vane
 U - a tin of tremorstones (2/2)


   Skills:
 + Level 19.7 Fighting
 * Level 26.3 Long Blades
 + Level 19.2 Armour
 + Level 18.2 Dodging
 - Level 4.0 Stealth
 * Level 22.3 Invocations
 - Level 4.0 Evocations


You had 22 spell levels left.
You didn't know any spells.
Your spell library contained the following spells:

 Spells                   Type           Power      Damage    Failure   Level
 Apportation              Tloc           0%         N/A       80%         1
 Foxfire                  Conj/Fire      0%         2x1d4     80%         1
 Freeze                   Ice            0%         1d3       80%         1
 Necrotise                Necr           0%         1d4       80%         1
 Shock                    Conj/Air       0%         1d3       80%         1
 Sting                    Tmut/Pois      0%         1d3       80%         1
 Summon Small Mammal      Summ           0%         N/A       80%         1
 Blink                    Tloc           0%         N/A       91%         2
 Lesser Beckoning         Tloc           0%         N/A       91%         2
 Momentum Strike          Conj/Tloc      0%         3d8       91%         2
 Poisonous Vapours        Pois/Air       0%         N/A       91%         2
 Static Discharge         Conj/Air       0%         2-2/arc   91%         2
 Sublimation of Blood     Necr           0%         N/A       91%         2
 Wereblood                Tmut           0%         N/A       91%         2
 Dazzling Flash           Conj/Hex       0%         N/A       99%         3
 Frozen Ramparts          Ice            0%         1d1       99%         3
 Gell's Gravitas          Tloc           0%         N/A       99%         3
 Inner Flame              Hex/Fire       0%         N/A       99%         3
 Ozocubu's Armour         Ice            0%         N/A       99%         3
 Portal Projectile        Hex/Tloc       0%         N/A       99%         3
 Swiftness                Air            0%         N/A       99%         3
 Tukima's Dance           Hex            0%         N/A       99%         3
 Vhi's Electric Charge    Tloc/Air       0%         N/A       99%         3
 Airstrike                Air            0%         2d(0-16)  100%        4
 Anguish                  Hex/Necr       0%         N/A       100%        4
 Cause Fear               Hex            0%         N/A       100%        4
 Leda's Liquefaction      Hex/Erth       0%         N/A       100%        4
 Manifold Assault         Tloc           0%         N/A       100%        4
 Olgreb's Toxic Radiance  Pois           0%         N/A       100%        4
 Passage of Golubria      Tloc           0%         N/A       100%        4
 Petrify                  Tmut/Erth      0%         N/A       100%        4
 Sticky Flame             Conj/Fire      0%         2d3       100%        4
 Summon Lightning Spire   Summ/Air       0%         N/A       100%        4
 Agony                    Necr           0%         N/A       100%        5
 Arcjolt                  Conj/Air       0%         1d10      100%        5
 Borgnjor's Vile Clutch   Necr/Erth      0%         N/A       100%        5
 Fireball                 Conj/Fire      0%         3d3       100%        5
 Lee's Rapid Deconstruct  Erth           0%         3d4*      100%        5
 Lightning Bolt           Conj/Air       0%         1d11      100%        5
 Metabolic Englaciation   Hex/Ice        0%         N/A       100%        5
 Silence                  Hex/Air        0%         N/A       100%        5
 Yara's Violent Unravell  Hex/Tmut       0%         3d3       100%        5
 Simulacrum               Ice/Necr       0%         N/A       100%        6
 Statue Form              Tmut/Erth      0%         N/A       100%        6
 Dragon Form              Tmut           0%         N/A       100%        7
 Enfeeble                 Hex            0%         N/A       100%        7
 Storm Form               Tmut/Air       0%         N/A       100%        7
 Summon Hydra             Summ           0%         N/A       100%        7
 Discord                  Hex            0%         N/A       100%        8
 Disjunction              Tloc           0%         N/A       100%        8
 Lehudib's Crystal Spear  Conj/Erth      0%         10d2      100%        8
 Dragon's Call            Summ           0%         N/A       100%        9


Dungeon Overview and Level Annotations

Branches:
Dungeon (15/15)            Temple (0/1) D:5            Lair (5/5) D:8
 Shoals (4/4) Lair:3       Spider (4/4) Lair:2        Slime (0/5) Lair:4
    Orc (2/2) D:12            Elf (3/3) Orc:2        Vaults (5/5) D:14
  Crypt (0/3) Vaults:3     Depths (0/4) D:15        Ossuary (visited)
  IceCv (visited)         Desolation (visited)

Altars:
Cheibriados
Dithmenos
Elyvilon
Fedhas
Hepliaklqana
Makhleb
Okawaru
Qazlal
Sif Muna
Uskayaw
Vehumet
Wu Jian
Xom
Yredelemnul
The Shining One
Jiyva

Shops:
D:6 [   D:7 (   Orc:2 :(((*=?*   Elf:1 :(   Elf:2 ?   Vaults:1 *

Annotations:
D:3 2 transporters, Flippered's ghost, amateur HuIE
D:8 3 runed translucent doors, MCDelver's ghost, novice OpFE


Innate Abilities, Weirdness & Mutations

You have a pair of horns on your head.
You reflexively headbutt those who attack you in melee.


Message History

Something touches you but does no damage.
The golden dragon breathes fire at you.
The bolt of fire is repelled.
You closely miss the dread lich.
The dread lich is heavily damaged.
The dread lich barely misses you. You furiously retaliate!
You headbutt the dread lich.
You hear some strange, mumbled words.
A crystal spear appears from out of thin air!
The crystal spear misses you. The golden dragon bites you.
You feel more protected from physical attacks.
The golden dragon completely misses you.
The golden dragon tramples you but does no damage.
You slash the dread lich! You burn the dread lich. You freeze the dread lich.
You headbutt the dread lich!
The dread lich is almost destroyed.
You block the dread lich's attack.
You hear some strange, mumbled words.
A crystal spear appears from out of thin air!
The crystal spear misses you.
You slice the dread lich!!
You destroy the dread lich!
Qazlal accepts your kill.
The cacodemon disappears in a puff of smoke!
Something touches you.
You feel drained. You block the golden dragon's attack.
The golden dragon claws you but does no damage.
The golden dragon tramples you but does no damage.
You slash something! You freeze something. You headbutt something.
Something touches you but does no damage.
The golden dragon bites you but does no damage.
You block the golden dragon's attack.
The golden dragon completely misses you.
You slash the golden dragon! You burn the golden dragon.
You headbutt the golden dragon, but do no damage.
The golden dragon is moderately wounded.
You hear some strange, mumbled words.
A crystal spear appears from out of thin air!
The crystal spear hits you!!!!
You feel more protected from physical attacks.
You die...

.').....#........................
##......#.....###############'###
#########.....#############......
# #.....#...#...#.[.[...... #
#.....#...#...#.[.#...... #
#.....#...##.##...#......
#.....####.....####......
#.....#(÷#.....#..#......
#.....#)@{☼.......#####'#
#########.....#D[#.....#..# #...
#.......#.[...####.....#### #°.°
#.##.##[[[....'...##.##...# ##°..
#.##.##.#.....#...#...#...###○°~.
#.......#.....#...#(..#...##.^~~°
#.##.##.#.....#############.°~~°°
#.##.##.#.....# #.##~°°
#.....>.#.....# #.##☼°#


You could see a golden dragon.

Vanquished Creatures
  2 dread liches (Vaults:4)
  Margery (Vaults:4)
  Saint Roka (Vaults:1)
  A golden dragon (Vaults:4)
  Nikola (Spider:1)
  Arachne (Spider:2)
  Zenata (Elf:2)
  6 tentacled monstrosities
  Rupert (D:13)
  2 liches (Vaults:4)
  4 titans
  Polyphemus (Shoals:2)
  2 deep elf master archers (Elf:3)
  2 deep elf blademasters (Elf:3)
  The ghost of Duhoah Foli the Severer, an adept AtWn of Uskayaw (Spider:2)
  4 sphinxes
  Agnes (Elf:1)
  A storm dragon (Vaults:4)
  The ghost of Vidul the Warrior, a journeyman OgTm of Gozag (D:14)
  4 tengu reavers
  Roxanne (Shoals:2)
  A shadow dragon (Vaults:5)
  Ilsuiw (Shoals:2)
  A fire giant (Vaults:2)
  Donald (Vaults:4)
  6 deep elf sorcerers
  2 emperor scorpions (Spider:4)
  20 vault wardens
  7 imperial myrmidons (Desolation)
  Aizul (Vaults:2)
  3 ghost moths
  An iron dragon (Vaults:4)
  Louise (Shoals:2)
  19 ironbound preservers
  5 deep elf elementalists (Elf:3)
  A ghoul (Vaults:3)
  2 orc warlords
  6 broodmothers (Spider:4)
  5 war gargoyles
  2 stone giants
  16 very ugly things
  7 ironbound thunderhulks
  2 vampire knights (Vaults:3)
  9 deep elf demonologists
  13 dire elephants
  2 minotaurs (Shoals:4)
  2 halazid warlocks (Desolation)
  9 deep elf annihilators
  Snorg (Lair:4)
  9 deep elf death magi
  2 crystal guardians (Vaults:4)
  A great orb of eyes (Vaults:4)
  9 yaktaur captains
  6 merfolk impalers
  2 deep elf high priests
  2 ettins (Vaults:1)
  4 entropy weavers
  4 ragged hierophants (Desolation)
  4 merfolk javelineers
  7 servants of whispers
  6 hydras
  41 vault guards
  14 peacekeepers
  2 caustic shrike simulacra (IceCv)
  4 alligator snapping turtles
  3 death knights
  9 ironbound frosthearts
  2 jorogumos
  5 radroaches
  4 two-headed ogres
  4 boulder beetles
  5 catoblepae
  A two-headed ogre (shapeshifter) (Vaults:1)
  5 centaur warriors
  10 satyrs
  3 merfolk aquamancers
  3 merfolk avatars
  25 dancing weapons
  7 death yaks
  Urug (Lair:2)
  2 tengu warriors
  4 orc high priests
  14 deep elf knights
  5 hell knights (Vaults:4)
  A shadow wraith (Vaults:2)
  2 sun moths
  A fire crab (Lair:4)
  6 pharaoh ants
  11 sea snakes
  11 orb spiders
  33 deep trolls
  10 skeletal warriors
  2 orange crystal statues (IceCv)
  A glowing orange brain (Vaults:3)
  10 wizards
  A steelbarb worm (Spider:2)
  A lindwurm (shapeshifter) (Vaults:2)
  Pikel (D:4)
  16 harpies
  A harpy (shapeshifter) (Elf:2)
  25 deep elf pyromancers
  26 ironbound convokers
  6 deep elf archers
  A phantasmal warrior (Vaults:4)
  A necromancer (Vaults:4)
  26 deep elf zephyrmancers
  19 orc knights
  12 lindwurms
  An orc sorcerer (Orc:2)
  39 ugly things
  18 wolf spiders
  17 fauns
  A moth of wrath (Spider:3)
  15 manticores
  4 cyclopes
  15 vault sentinels
  6 elephants (Lair:5)
  4 guardian serpents (Desolation)
  11 demonic crawlers
  8 black mambas
  6 water nymphs
  An elephant (shapeshifter) (D:15)
  15 slime creatures
  2 molten gargoyles (Desolation)
  13 merfolk sirens
  A naga mage (D:15)
  12 cane toads
  An unseen horror (shapeshifter) (Vaults:2)
  2 gargoyles
  6 torpor snails
  An efreet (D:14)
  A kobold demonologist (D:11)
  9 komodo dragons
  An unseen horror zombie (D:8)
  An anaconda simulacrum (IceCv)
  A rime drake (Lair:2)
  10 freezing wraiths
  2 tengu conjurers
  A golden dragon simulacrum (IceCv)
  22 yaktaurs
  32 merfolk
  8 trolls
  A hornet (shapeshifter) (Vaults:5)
  7 meliai
  A queen bee (Spider:1)
  5 wind drakes
  Grinder (D:6)
  64 saltlings
  29 tarantellas
  2 hornets
  14 blink frogs
  4 polar bears
  A blink frog (shapeshifter) (D:14)
  8 snapping turtles
  2 dream sheep (Shoals:1)
  22 culicivoras
  4 wraiths
  A yak (shapeshifter) (Vaults:4)
  38 jumping spiders
  2 shadows (D:10)
  65 yaks
  3 spriggans
  5 air elementals
  12 water elementals
  5 basilisks
  4 wyverns
  3 dire elephant simulacra (IceCv)
  2 fire elementals (Elf:1)
  A vampire mosquito (D:10)
  43 redbacks
  A steam dragon (D:7)
  4 wargs
  A harpy simulacrum (IceCv)
  A warg (shapeshifter) (D:12)
  6 acid dragons
  3 hydra simulacra (IceCv)
  15 water moccasins
  2 black bears
  50 orc warriors
  3 ice beasts
  2 sky beasts
  8 boggarts
  10 ogres
  3 ettin simulacra (IceCv)
  8 wolves (Lair:1)
  15 centaurs
  3 lemures (D:4)
  2 phantoms (D:5)
  7 kobold brigands
  7 scorpions
  6 necrophages
  2 elf zombies (Ossuary)
  A gnoll sergeant (D:9)
  19 bullfrogs
  2 earth elementals
  20 wights
  31 killer bees
  A lindwurm simulacrum (IceCv)
  7 howler monkeys
  2 electric eels (D:6)
  5 jellies
  19 orc priests
  3 hounds (D:5)
  A gnoll bouda (D:7)
  An iron imp (D:3)
  Ijyb (D:5)
  21 orc wizards
  3 iguanas (D:6)
  A killer bee zombie (D:8)
  2 mummies (Ossuary)
  18 gnolls
  4 adders
  A shadow imp (D:5)
  3 white imps
  2 ufetubi
  7 worms
  A dart slug (D:3)
  105 orcs
  4 endoplasms (D:4)
  A giant cockroach (Lair:2)
  11 goblins
  6 hobgoblins
  10 jackals
  A quokka (D:2)
  5 ball pythons
  5 bats
  3 frilled lizards
  2 gnoll zombies (Ossuary)
  5 goblin zombies (Ossuary)
  3 hobgoblin zombies (Ossuary)
  10 kobolds
  2 orc zombies (Ossuary)
  4 rats
  A bush (Bazaar)
1787 creatures vanquished.

Vanquished Creatures (others)
  A dire elephant (Vaults:2)
  A deep elf knight (Elf:3)
  A deep troll (Vaults:5)
  A wizard (Vaults:4)
  4 harpies (Vaults:4)
  5 deep elf zephyrmancers
  A faun (shapeshifter) (Vaults:4)
  A demonic crawler (Spider:1)
  A troll (D:13)
  A jumping spider (Spider:4)
  A water elemental (Elf:2)
  A fire elemental (Elf:2)
  An orc wizard (Orc:2)
  11 fungi
  103 plants
134 creatures vanquished.

Grand Total: 1921 creatures vanquished

Notes
Turn   | Place    | Note
-------+----------+-------------------------------------------
     0 | D:1      | Anon1729 the Minotaur Monk began the quest for the Orb.
     0 | D:1      | Reached XP level 1. HP: 19/19 MP: 0/0
   356 | D:1      | Found a faded altar of an unknown god.
   364 | D:1      | Reached XP level 2. HP: 22/27 MP: 1/1
   628 | D:1      | Reached skill level 4 in Long Blades
  1094 | D:2      | Reached XP level 3. HP: 24/33 MP: 2/2
  1101 | D:2      | Reached skill level 1 in Armour
  1468 | D:2      | Reached XP level 4. HP: 24/40 MP: 3/3
  2079 | D:3      | Found an ornate altar of the Wu Jian Council.
  2318 | D:3      | Noticed Flippered's ghost (amateur HuIE)
  2389 | D:3      | Reached skill level 5 in Long Blades
  2393 | D:3      | Found a transporter.
  2401 | D:3      | Found a transporter.
  2585 | D:3      | Found a snail-covered altar of Cheibriados.
  2592 | D:3      | Reached XP level 5. HP: 43/47 MP: 4/4
  2819 | D:4      | Noticed a lemure
  2821 | D:4      | Noticed a lemure
  2826 | D:4      | Noticed a lemure
  2839 | D:4      | Killed a lemure
  2853 | D:4      | Killed a lemure
  2862 | D:4      | Killed a lemure
  2890 | D:4      | Reached XP level 6. HP: 13/53 MP: 5/5
  3117 | D:4      | Noticed an orc warrior
  3135 | D:4      | Killed an orc warrior
  3136 | D:4      | Reached skill level 5 in Fighting
  3136 | D:4      | Reached skill level 6 in Long Blades
  3145 | D:4      | Found a sand-covered staircase.
  3219 | Ossuary  | Entered an ossuary
  3307 | Ossuary  | Reached XP level 7. HP: 44/61 MP: 6/6
  3643 | D:4      | Found a shimmering blue altar of Sif Muna.
  3689 | D:4      | Paralysed by a hobgoblin for 2 turns
  3726 | D:4      | Noticed Pikel
  3750 | D:4      | Killed Pikel
  3751 | D:4      | Reached skill level 7 in Long Blades
  3751 | D:4      | Reached skill level 5 in Dodging
  3751 | D:4      | Reached XP level 8. HP: 34/70 MP: 7/7
  4321 | D:5      | Entered Level 5 of the Dungeon
  4406 | D:5      | Found a stormy altar of Qazlal.
  4488 | D:5      | Became a worshipper of Qazlal Stormbringer
  4488 | D:5      | Reached * piety under Qazlal
  4488 | D:5      | Reached ** piety under Qazlal
  4559 | D:5      | Noticed Ijyb
  4567 | D:5      | Killed Ijyb
  4568 | D:5      | Reached skill level 8 in Long Blades
  4604 | D:5      | Found a staircase to the Ecumenical Temple.
  4761 | D:5      | Found a hazy altar of Hepliaklqana.
  4781 | D:5      | Found a hide-covered altar of Uskayaw.
  4861 | D:5      | Reached skill level 5 in Armour
  4861 | D:5      | Reached skill level 1 in Invocations
  5050 | D:5      | Reached skill level 1 in Evocations
  5502 | D:6      | Reached XP level 9. HP: 56/78 MP: 9/9
  5636 | D:6      | Reached *** piety under Qazlal
  5649 | D:6      | Found Meajats's Antique Armour Shop.
  5863 | D:6      | Reached skill level 9 in Long Blades
  6297 | D:6      | Found a white marble altar of Elyvilon.
  6818 | D:6      | Noticed Grinder
  6827 | D:6      | Paralysed by Grinder for 3 turns
  6831 | D:6      | Killed Grinder
  6922 | D:6      | Found a burning altar of Makhleb.
  7225 | D:7      | Found Wengaq's Distillery.
  7233 | D:7      | Bought a potion of curing for 45 gold pieces
  7233 | D:7      | Bought a potion of degeneration for 15 gold pieces
  7233 | D:7      | Bought a potion of attraction for 45 gold pieces
  7233 | D:7      | Bought a potion of flight for 45 gold pieces
  7233 | D:7      | Bought a potion of flight for 45 gold pieces
  7233 | D:7      | Bought a potion of curing for 45 gold pieces
  7233 | D:7      | Bought a potion of heal wounds for 75 gold pieces
  7233 | D:7      | Bought a potion of curing for 45 gold pieces
  7233 | D:7      | Bought a potion of heal wounds for 75 gold pieces
  7233 | D:7      | Bought a potion of heal wounds for 75 gold pieces
  7633 | D:7      | You fall into a shaft and drop 3 floors!
  7633 | D:10     | Entered Level 10 of the Dungeon
  7696 | D:10     | Reached skill level 10 in Long Blades
  7705 | D:10     | Reached XP level 10. HP: 65/86 MP: 12/12
  7714 | D:10     | HP: 3/86 [yak (14)]
  7725 | D:10     | Reached skill level 5 in Invocations
  8327 | D:8      | Found a blossoming altar of Fedhas.
  8431 | D:8      | Reached **** piety under Qazlal
  9091 | D:7      | Reached skill level 11 in Long Blades
  9117 | D:7      | Found Ineqon Xaxi's Weapon Emporium.
  9402 | D:8      | Reached XP level 11. HP: 79/95 MP: 13/15
  9447 | D:8      | Reached ***** piety under Qazlal
  9603 | D:8      | Found a shimmering altar of Xom.
  9658 | D:8      | Found a runed translucent gate.
  9658 | D:8      | Found a runed translucent gate.
  9658 | D:8      | Found a runed translucent gate.
  9658 | D:8      | Noticed MCDelver's ghost (novice OpFE)
  9660 | D:8      | Found a basalt altar of Yredelemnul.
  9790 | D:8      | Found a staircase to the Lair.
 10013 | D:8      | Found a glowing golden altar of the Shining One.
 10431 | D:9      | Reached skill level 12 in Long Blades
 10905 | D:10     | Found an iron altar of Okawaru.
 11328 | D:10     | Found a shadowy altar of Dithmenos.
 12302 | D:12     | Reached skill level 13 in Long Blades
 12302 | D:12     | Noticed a green ugly thing
 12309 | D:12     | Reached XP level 12. HP: 100/106 MP: 17/17
 12342 | D:12     | Reached ****** piety under Qazlal
 12343 | D:12     | Found a staircase to the Orcish Mines.
 12527 | D:12     | Noticed a two-headed ogre
 12542 | D:12     | Killed a two-headed ogre
 12674 | D:12     | Noticed a boulder beetle
 12675 | D:12     | Reached skill level 10 in Fighting
 12687 | D:12     | Noticed a two-headed ogre
 12689 | D:12     | Killed a boulder beetle
 12694 | D:12     | Killed a two-headed ogre
 13473 | D:13     | Noticed a two-headed ogre
 13479 | D:13     | Killed a two-headed ogre
 13498 | D:13     | Found a portal to a secret trove of treasure.
 13579 | D:12     | Reached skill level 14 in Long Blades
 13611 | D:13     | Noticed a centaur warrior
 13623 | D:13     | Killed a centaur warrior
 13624 | D:13     | Reached skill level 10 in Invocations
 13772 | D:13     | Noticed Rupert
 13775 | D:13     | Noticed a death knight
 13776 | D:13     | Paralysed by Rupert for 4 turns
 13788 | D:13     | Noticed a tengu warrior
 13960 | D:13     | Killed a tengu warrior
 14289 | D:13     | Reached skill level 10 in Armour
 14298 | D:13     | Reached XP level 13. HP: 110/115 MP: 19/19
 14305 | D:13     | Reached skill level 10 in Dodging
 14329 | D:13     | Identified the +3 chain mail of Ignis's Generosity {Harm
                  | rC+ Regen+ rCorr}
 14527 | Lair:1   | Entered Level 1 of the Lair of Beasts
 15343 | Lair:2   | Noticed Urug
 15353 | Lair:2   | Killed Urug
 15359 | Lair:2   | Reached skill level 15 in Long Blades
 15372 | Lair:2   | Found a hole to the Spider Nest.
 15590 | Lair:2   | Found a blossoming altar of Fedhas.
 16200 | Lair:3   | Found a staircase to the Shoals.
 16369 | Lair:3   | Identified a scroll of acquirement
 16370 | Lair:3   | Acquired the +3 pair of boots of Instinct {Regen+}
 17170 | Lair:4   | Noticed Snorg
 17177 | Lair:4   | Killed Snorg
 17184 | Lair:4   | Reached skill level 16 in Long Blades
 17184 | Lair:4   | Reached XP level 14. HP: 92/125 MP: 21/21
 17337 | Lair:4   | Found a viscous altar of Jiyva.
 17337 | Lair:4   | Found a staircase to the Slime Pits.
 17887 | Lair:5   | Entered Level 5 of the Lair of Beasts
 18102 | Lair:5   | Identified the +0 buckler of Trumpets {rN+}
 18823 | Orc:1    | Entered Level 1 of the Orcish Mines
 18997 | Orc:2    | Entered Level 2 of the Orcish Mines
 19144 | Orc:2    | Found Ihaqatz's Magic Scroll Shoppe.
 19151 | Orc:2    | Bought a scroll of identify for 28 gold pieces
 19151 | Orc:2    | Bought a scroll of identify for 28 gold pieces
 19151 | Orc:2    | Bought a scroll of amnesia for 56 gold pieces
 19151 | Orc:2    | Bought a scroll of noise for 14 gold pieces
 19151 | Orc:2    | Bought a scroll of magic mapping for 105 gold pieces
 19151 | Orc:2    | Bought a scroll of immolation for 56 gold pieces
 19151 | Orc:2    | Bought a scroll of silence for 133 gold pieces
 19151 | Orc:2    | Bought a scroll of identify for 28 gold pieces
 19166 | Orc:2    | Reached XP level 15. HP: 134/134 MP: 22/24
 19189 | Orc:2    | Reached skill level 17 in Long Blades
 19213 | Orc:2    | Paralysed by an orc sorcerer for 5 turns
 19303 | Orc:2    | Found Humneuragob's Book Boutique.
 19386 | Orc:2    | Found Sicooruj's Antique Weapon Shop.
 19425 | Orc:2    | Found Aretar's Weapon Emporium.
 19444 | Orc:2    | Found a staircase to the Elven Halls.
 19567 | Orc:2    | Found Bituh's Weapon Shop.
 19753 | Orc:2    | Found Basuil's Magic Scroll Shop.
 19753 | Orc:2    | Found Dimuteig's Jewellery Emporium.
 19754 | Orc:2    | Found Zoprugre's General Store.
 19756 | Orc:2    | Found Ozuip's General Store.
 19760 | Orc:2    | Bought a scroll of teleportation for 36 gold pieces
 19760 | Orc:2    | Bought a scroll of fear for 48 gold pieces
 19760 | Orc:2    | Bought a scroll of poison for 48 gold pieces
 19760 | Orc:2    | Bought a scroll of teleportation for 36 gold pieces
 19763 | Orc:2    | Bought a potion of heal wounds for 80 gold pieces
 19763 | Orc:2    | Bought a scroll of fog for 64 gold pieces
 19763 | Orc:2    | Bought a potion of might for 64 gold pieces
 20325 | D:13     | Killed Rupert
 20612 | D:14     | Reached XP level 16. HP: 101/143 MP: 25/25
 20673 | D:14     | Found a gate to the Vaults.
 20817 | D:14     | Found Kolaje's Magic Scroll Shoppe.
 20824 | D:14     | Bought a scroll of fog for 72 gold pieces
 20824 | D:14     | Bought a scroll of identify for 36 gold pieces
 20824 | D:14     | Bought a scroll of silence for 171 gold pieces
 20824 | D:14     | Bought a scroll of identify for 36 gold pieces
 20824 | D:14     | Bought a scroll of teleportation for 54 gold pieces
 20824 | D:14     | Bought a scroll of teleportation for 54 gold pieces
 20824 | D:14     | Bought a scroll of poison for 72 gold pieces
 21045 | D:14     | Noticed Vidul's ghost (journeyman OgTm)
 21045 | D:14     | Identified the +2 spear "Veumoy" {flame, rF- Dex+5 Stlth+}
 21046 | D:14     | Found a runed translucent door.
 21140 | D:14     | Killed Vidul's ghost
 21207 | D:15     | Entered Level 15 of the Dungeon
 21537 | D:15     | Found a radiant altar of Vehumet.
 21599 | D:15     | Reached skill level 18 in Long Blades
 21612 | D:15     | Reached skill level 15 in Invocations
 21652 | D:15     | Found a staircase to the Depths.
 22227 | Spider:1 | Entered Level 1 of the Spider Nest
 22545 | Spider:1 | Noticed Nikola
 22640 | Spider:1 | Killed Nikola
 22885 | Spider:2 | Noticed Arachne
 22900 | Spider:2 | Killed Arachne
 23021 | Spider:2 | Noticed Duhoah Foli's ghost (adept AtWn)
 23169 | Spider:2 | Found a runed translucent door.
 23568 | Spider:2 | You fall into a shaft and drop 1 floor!
 23598 | Spider:3 | Reached skill level 19 in Long Blades
 23686 | Spider:3 | Reached XP level 17. HP: 92/152 MP: 0/27
 25255 | Spider:2 | Killed Duhoah Foli's ghost
 25328 | Spider:4 | Entered Level 4 of the Spider Nest
 26008 | Spider:4 | Got a gossamer rune of Zot
 26192 | Spider:4 | Reached skill level 20 in Long Blades
 26727 | Shoals:1 | Entered Level 1 of the Shoals
 26974 | Shoals:1 | Reached skill level 15 in Fighting
 27310 | Shoals:2 | Noticed Polyphemus
 27316 | Shoals:2 | Noticed Louise
 27334 | Shoals:2 | Killed Polyphemus
 27339 | Shoals:2 | Killed Louise
 27448 | Shoals:2 | Noticed Ilsuiw
 27453 | Shoals:2 | Reached XP level 18. HP: 101/163 MP: 22/29
 27457 | Shoals:2 | Killed Ilsuiw
 27534 | Shoals:2 | Found a frozen archway.
 27563 | IceCv    | Entered an ice cave
 28046 | Shoals:2 | Noticed Roxanne
 28074 | Shoals:2 | Killed Roxanne
 28491 | Shoals:3 | Reached skill level 15 in Armour
 28498 | Shoals:3 | Reached skill level 21 in Long Blades
 29189 | Shoals:4 | Entered Level 4 of the Shoals
 29532 | Shoals:4 | Paralysed by a sphinx for 2 turns
 29632 | Shoals:4 | Reached XP level 19. HP: 172/172 MP: 31/31
 29633 | Shoals:4 | Identified the +2 short sword "Vudul" {heavy, rF+ rC+ SInv}
 29741 | Shoals:4 | Got a barnacled rune of Zot
 29872 | Shoals:4 | Found the macabre finger necklace {Finger+ rN+}
 29872 | Shoals:4 | Found the +16 obsidian axe {drain, demonic, Mesm Drain Fly
                  | SInv}
 30166 | Elf:1    | Entered Level 1 of the Elven Halls
 30216 | Elf:1    | Found Kinuenus's Distillery.
 30220 | Elf:1    | Bought a potion of brilliance for 44 gold pieces
 30220 | Elf:1    | Bought a potion of lignification for 33 gold pieces
 30220 | Elf:1    | Bought a potion of flight for 33 gold pieces
 30220 | Elf:1    | Bought a potion of flight for 33 gold pieces
 30220 | Elf:1    | Bought 2 potions of heal wounds for 110 gold pieces
 30220 | Elf:1    | Bought a potion of invisibility for 88 gold pieces
 30220 | Elf:1    | Bought a potion of flight for 33 gold pieces
 30220 | Elf:1    | Bought a potion of curing for 33 gold pieces
 30372 | Elf:1    | Got Dapid's Precepts of Conjuration
 30387 | Elf:1    | Found Vuzeis's Weapon Shop.
 30432 | Elf:1    | Paralysed by an air elemental for 1 turns
 30541 | Elf:1    | Paralysed by an air elemental for 1 turns
 30545 | Elf:1    | Found a radiant altar of Vehumet.
 30565 | Elf:1    | Reached skill level 15 in Dodging
 30643 | Elf:1    | Found Otumi's Book Emporium.
 31194 | Elf:2    | Noticed Agnes
 31194 | Elf:2    | Paralysed by an air elemental for 1 turns
 31231 | Elf:2    | Paralysed by an air elemental for 1 turns
 31240 | Elf:1    | Killed Agnes
 31260 | Elf:2    | Reached skill level 22 in Long Blades
 31262 | Elf:2    | Noticed Zenata
 31314 | Elf:2    | Killed Zenata
 31382 | Elf:2    | Found a runed translucent gate.
 31382 | Elf:2    | Found a runed translucent gate.
 31383 | Elf:2    | Found a runed translucent gate.
 31717 | Elf:2    | Found Ulaz's Magic Scroll Boutique.
 32298 | Elf:3    | Entered Level 3 of the Elven Halls
 32851 | Elf:3    | Reached XP level 20. HP: 145/184 MP: 30/32
 32941 | Abyss:3  | Cast into level 3 of the Abyss (a deep elf demonologist)
 32946 | Elf:3    | Escaped the Abyss
 33138 | Elf:3    | Reached skill level 23 in Long Blades
 33208 | Elf:3    | Found the +8 autumn katana {manifold assault}
 33212 | Elf:3    | Identified the +3 glaive of Brawling {pain, Dex+5}
 33223 | Elf:3    | Identified the +4 scale mail of Tenacity {Dex+3 SInv}
 33227 | Elf:3    | Got the Book of Stolen Souls and Hypothermia
 33251 | Elf:3    | Identified the +10 plate armour of Subjectivity {rCorr}
 33252 | Elf:3    | Identified the +0 longbow "Finecw" {heavy, Int+4}
 33256 | Elf:3    | Identified the +7 shortbow "Tobe" {heavy, Str+4 Dex+3}
 33657 | D:13     | You paid a toll of +5 ice dragon scales to enter a treasure
                  | trove
 33658 | Trove    | Entered a treasure trove
 33661 | Trove    | Found the +2 Maxwell's thermic engine {flame, freeze}
 33662 | Trove    | Identified the +6 great sword "Tormentor" {heavy, Str+3
                  | Int+2 Dex+2}
 33667 | Trove    | Identified the +8 triple sword of Minetot {heavy, rPois
                  | Dex+3}
 33670 | Trove    | Identified the +3 great sword "Nuidetir" {protect, rN+}
 33771 | Vaults:1 | Entered Level 1 of the Vaults
 34035 | Vaults:1 | Found Lintierph's Assorted Antiques.
 34042 | Vaults:1 | Bought a pair of embroidered gloves for 247 gold pieces
 34043 | Vaults:1 | Bought a scroll of teleportation for 99 gold pieces
 34043 | Vaults:1 | Bought a scroll of poison for 132 gold pieces
 34043 | Vaults:1 | Bought a potion of might for 132 gold pieces
 34043 | Vaults:1 | Bought a scroll of vulnerability for 132 gold pieces
 34043 | Vaults:1 | Bought a potion of curing for 99 gold pieces
 34043 | Vaults:1 | Bought a scroll of enchant armour for 247 gold pieces
 34264 | Vaults:1 | Identified the +7 leather armour of Gravitas {Dex+3}
 34890 | Vaults:1 | HP: 4/184 [vault warden/+2 great mace of protection (33)]
 34987 | Vaults:1 | Identified the +2 short sword "Imp's Funeral" {spect,
                  | +Blink Will++ MP-9}
 35386 | Vaults:2 | Noticed Aizul
 35402 | Vaults:2 | Killed Aizul
 35630 | Vaults:2 | Noticed Saint Roka
 35647 | Vaults:1 | Killed Saint Roka
 36245 | Vaults:2 | Reached XP level 21. HP: 153/193 MP: 34/34
 36300 | Vaults:2 | Reached skill level 24 in Long Blades
 36842 | Vaults:3 | Found a crumbling gateway.
 36962 | Desolati | Entered the Desolation of Salt
 37221 | Desolati | Identified the +0 pair of boots of Weshrol {rPois rC+
                  | Regen+ Str+2}
 37400 | Desolati | Identified the amulet "Vytsohip" {Spirit rPois rF++ rC-
                  | rCorr}
 37413 | Desolati | Identified the ring "Xawnoq" {rF+ AC+4 Str+5}
 37428 | Desolati | Got Sif Muna's Exposition on Blazing Space
 37664 | Desolati | Identified the ring of Morality {Wiz rF- rN++ Int+3}
 37666 | Desolati | Found the amulet of the Air {Inacc Air Fly rElec RMsl}
 38516 | Vaults:3 | Found a staircase to the Crypt.
 38742 | Vaults:3 | Reached skill level 25 in Long Blades
 38820 | Vaults:3 | Reached XP level 22. HP: 154/194 MP: 35/35
 39085 | Vaults:4 | Noticed Donald
 39087 | Vaults:4 | Killed Donald
 39202 | Vaults:4 | Found a flickering gateway to a bazaar.
 39210 | Bazaar   | Entered a bazaar
 39210 | Bazaar   | Found Buffumy's Antique Weapon Shop.
 39210 | Bazaar   | Found Dudowuep's Book Boutique.
 39210 | Bazaar   | Found Taatt's Distillery.
 39210 | Bazaar   | Found Opiar's Jewellery Shop.
 39231 | Bazaar   | Bought the amulet "Ycwualas" {Reflect rElec rC+++ rN++
                  | Int-4 SH+5} for 892 gold pieces
 39233 | Bazaar   | Bought a potion of curing for 30 gold pieces
 39233 | Bazaar   | Bought a potion of berserk rage for 50 gold pieces
 39233 | Bazaar   | Bought 2 potions of might for 80 gold pieces
 39233 | Bazaar   | Bought a potion of flight for 30 gold pieces
 39233 | Bazaar   | Bought a potion of mutation for 80 gold pieces
 39233 | Bazaar   | Bought a potion of might for 40 gold pieces
 39233 | Bazaar   | Bought a potion of flight for 30 gold pieces
 39233 | Bazaar   | Bought a potion of attraction for 30 gold pieces
 39233 | Bazaar   | Bought a potion of curing for 30 gold pieces
 39605 | Vaults:4 | Noticed Margery
 39609 | Vaults:4 | Killed Margery
 40287 | Vaults:5 | Entered Level 5 of the Vaults
 40306 | Vaults:5 | Noticed a golden dragon
 40402 | Vaults:5 | Noticed an ancient lich
 40410 | Vaults:5 | Reached skill level 26 in Long Blades
 40596 | Vaults:5 | Noticed an ancient lich
 40628 | Vaults:4 | Killed a golden dragon
 40629 | Vaults:4 | Reached XP level 23. HP: 83/213 MP: 37/37
 40700 | Vaults:5 | Noticed a dread lich
 40766 | Vaults:5 | Noticed a dread lich
 40772 | Vaults:4 | Paralysed by a dread lich for 3 turns
 40778 | Vaults:4 | Killed a dread lich
 40811 | Vaults:5 | Paralysed by a dread lich for 4 turns
 40828 | Vaults:4 | Killed a dread lich
 40830 | Vaults:4 | Killed from afar by an ancient lich

Illustrated notes

Levels and vault maps discovered:
D:1:      onia_arrival_pyramid, layout_loops_corners, basic_ecumenical_altar,
          serial_park_tiny_1, minmay_stone_trees_medium, minmay_misc_feat_x
D:2:      layout_loops_ring
D:3:      layout_basic, slow_altar_2, mainiacjoe_overflow_24_doors,
          gammafunk_ghost_arena
D:4:      layout_basic, mainiacjoe_overflow_alcove_2,
          chequers_ossuary_entry_cave, uniq_pikel
D:5:      layout_gridville, kennysheep_mini, nzn_hepliaklqana_mist_gate,
          mainiacjoe_overflow_boulevard, minmay_temple_entry_sparse_star,
          serial_park_tiny_2, grunt_ministairs_15, uniq_ijyb
D:6:      layout_cave_pods, lightli_temple_of_fire, elyvilon_altar_1,
          serial_shops, shop, serial_bayou_lake_a, uniq_grinder
D:7:      layout_gridville, serial_shops, nicolae_stop_n_shop_2, shop
D:8:      layout_basic, nicolae_yredelemnul_ghost_church,
          mainiacjoe_overflow_paths, tso_oasis_becter, old_standard_altar,
          grunt_ministairs_15
D:9:      layout_small_grid, serial_glass, glass_columns_a, glass_columns_c,
          glass_columns_c, glass_columns_a, item_on_display_a,
          due_unseen_surprise, item_on_display_a
D:10:     minmay_s_stair_smasher, layout_irregular_city,
          grunt_dithmenos_shadows, kennysheep_okawaru_gauntlet
D:11:     layout_roguey, the_hattery
D:12:     layout_stronghold, kennysheep_orc_monster_closet_entryway
D:13:     layout_stronghold, enter_trove_0, nrook_loot_triangle, uniq_rupert
D:14:     layout_roguey, erik_vaults_2, serial_shops, shop,
          ebering_ghost_funeral_grove
D:15:     hangedman_depths_entry_try_elsewhere_first, layout_irregular_city,
          nicolae_vehumet_altar_sigil, minmay_large_rounded_square
Lair:1:   layout_regular_city
Lair:2:   layout_hall_layers, nicolae_spider_entry_non_spiders,
          lemuel_altar_in_water2, minmay_shattered_shrine, uniq_urug
Lair:3:   layout_chaotic_city, shoals_dummy_entry,
          grunt_forest_small_clearing_treed
Lair:4:   layout_regular_city, minmay_slime_entry_pillars,
          infiniplex_staircase_pool_2, uniq_snorg
Lair:5:   evilmike_catoblepas_cave, layout_misc_corridors
Shoals:1: layout_shoals, nicolae_shoals_mertower
Shoals:2: layout_shoals, portal_ice_cave_entry_ugly_swarm, uniq_louise,
          uniq_roxanne, uniq_ilsuiw, uniq_polyphemus
Shoals:3: layout_shoals
Shoals:4: shoals_end_hellmonk_lost_city
Spider:1: layout_spider_delve, special_room [special_room_bee], uniq_nikola
Spider:2: layout_spider_delve, hellmonk_ghost_happy_afterlife, uniq_arachne
Spider:3: layout_chambers, drop_trap, hangedman_spider_tarantella_strand
Spider:4: hellmonk_spider_rune_endless_swarm
Orc:1:    layout_caves
Orc:2:    st_orc_rangers, layout_caves, serial_shops, shop,
          nicolae_diamond_shop, nicolae_shop_bloodbath_and_beyond, shop,
          shop_fountains
Elf:1:    layout_gridlike, serial_shops, shop, nicolae_shop_statue_plus,
          nicolae_diamond_shop, basic_altar, minmay_elf_annihilation
Elf:2:    elven_hall_of_blades_hangedman_original [grunt_blade_entry_basic],
          layout_rooms, serial_shops, nicolae_shop_hallway_stairs,
          ebering_dispersal_statue_hall, corexii_hall_statues_deadend,
          uniq_zenata, uniq_agnes
Elf:3:    elf_hall, layout_geoelf_grid, minivault_19,
          hangedman_elf_targetted_burst
Vaults:1: vaults_room_glass_cross, hangedman_vaults_stagger,
          ontoclasm_vaults_spin, nicolae_vaults_circle_grid_a, v_rooms_6,
          vaults_mumra_hex, ontoclasm_vaults_idyll, layout_vaults_chaotic_city,
          serial_shops, shop_fountains
Vaults:2: vaults_room_octagon, vaults_mumra_lcd, vaults_room_boxed,
          dpeg_vaults_pockets_of_resistance, vaults_mumra_minichess_inversion,
          layout_vaults_omnigrid, uniq_aizul, uniq_saint_roka
Vaults:3: portal_desolation_entry_salt, v_rooms_3, nicolae_vaults_specimen_jars,
          hangedman_vaults_variations, ontoclasm_vaults_gateway, v_misc_5,
          v_misc_16, v_pattern_5, nicolae_vaults_little_squares_6,
          hangedman_vaults_slice, special_room_vaults [special_room_orc],
          minmay_crypt_entry_simple_corners, nicolae_vaults_diagonal_hallway_9,
          layout_vaults_omnibox
Vaults:4: v_misc_18, vaults_dpeg_cross, v_misc_18, grunt_vaults_twisty,
          vaults_room_large_hall, vaults_room_grunt_arrival_ludios,
          vaults_room_fours, nicolae_vaults_c_with_doors, vaults_dpeg_ring,
          layout_vaults_ring, serial_shops, freezing_bzr, uniq_margery,
          uniq_donald
Vaults:5

Skill      XL: |  1  2  3  4  5  6  7  8  9 10 11 12 13 14 15 16 17 18 19 20 21 22 |
---------------+-------------------------------------------------------------------+-----
Long Blades    | 4 5 6 7 8 10 11 13 14 16 17 19 20 21 22 23 25 26 | 26.3
Fighting       | 4 5 6 7 8 9 10 11 12 13 14 15 16 17 18 19 | 19.7
Armour         | 1 2 3 4 5 6 7 8 10 11 12 13 14 15 16 17 18 19 | 19.2
Stealth        | 2 3 4 |  4.0
Dodging        | 4 5 6 7 8 9 10 11 12 13 14 15 16 17 18 | 18.2
Invocations    | 2 4 6 8 10 11 14 15 17 18 19 20 21 22 | 22.3
Evocations     | 1 2 4 |  4.0

Action                     |  1- 3 |  4- 6 |  7- 9 | 10-12 | 13-15 | 16-18 | 19-21 | 22-24 || total
---------------------------+-------+-------+-------+-------+-------+-------+-------+-------++-------
  Melee: Falchion          |    74 |   153 |   254 |       |       |       |       |       ||   481
         Headbutt          |    10 |    43 |    72 |   129 |   171 |   343 |   260 |    85 ||  1113
         Punch             |       |     1 |     9 |     2 |       |       |    14 |     6 ||    32
         Long sword        |       |       |    63 |   205 |       |       |       |       ||   268
         Great sword       |       |       |       |   330 |   580 |  1251 |   429 |       ||  2590
         Double sword      |       |       |       |       |       |       |   656 |   307 ||   963
 Invoke: Upheaval          |       |       |       |       |     1 |    35 |    25 |     7 ||    68
         Disaster Area     |       |       |       |       |       |     1 |     3 |     4 ||     8
  Evoke: Wand              |       |       |     4 |       |       |     2 |     2 |       ||     8
         Condenser vane    |       |       |       |       |       |       |       |     1 ||     1
    Use: Potion            |       |       |     4 |     4 |     1 |     7 |    10 |     4 ||    30
         Scroll            |       |       |     1 |    13 |    12 |     8 |     9 |     1 ||    44
   Stab: Sleeping          |     6 |     7 |     4 |       |       |       |       |       ||    17
         Paralysed         |       |       |     3 |       |       |       |       |       ||     3
         Petrifying        |       |       |       |       |       |     1 |       |       ||     1
         Confused          |       |       |       |       |       |       |       |     1 ||     1
 Armour: Robe              |    11 |    24 |    42 |     5 |       |       |       |       ||    82
         Troll leather arm |       |       |       |   143 |     2 |       |       |       ||   145
         Chain mail        |       |       |       |       |   359 |   581 |   297 |   207 ||  1444
  Dodge: Dodged            |    68 |    85 |   216 |   405 |   364 |  1094 |   687 |   304 ||  3223
         Repelled          |       |       |       |     4 |     5 |    24 |    20 |     6 ||    59
  Block: Other             |       |       |    32 |   172 |   231 |   503 |   275 |   132 ||  1345

Table legend: (Time is in decaauts)
 A = Elapsed time spent in this place.
 B = Non-inter-level travel time spent in this place.
 C = Inter-level travel time spent in this place.
 D = Time resting spent in this place.
 E = Time spent auto-exploring this place.
 F = Levels seen in this place.
 G = Mean time per level.
                   A        B        C        D        E       F      G
               +--------+--------+--------+--------+--------+-----+--------+
         Total |  40331 |  37573 |   2758 |   2835 |  26658 |  44 |  916.6 |
       Dungeon |  16716 |  15095 |   1621 |   1469 |  10670 |  15 | 1114.4 |
          Lair |   4378 |   4084 |    294 |     61 |   3375 |   5 |  875.6 |
        Shoals |   3166 |   2960 |    206 |    115 |   1954 |   4 |  791.5 |
   Spider Nest |   4256 |   4050 |    206 |    152 |   3080 |   4 | 1064.0 |
  Orcish Mines |   1247 |   1073 |    174 |     30 |    825 |   2 |  623.5 |
   Elven Halls |   3190 |   3075 |    115 |    237 |   2156 |   3 | 1063.3 |
        Vaults |   5766 |   5626 |    140 |    599 |   3798 |   5 | 1153.2 |
         Abyss |      4 |      4 |      0 |      0 |      0 |   1 |    4.0 |
        Bazaar |     44 |     44 |      0 |      0 |     11 |   1 |   44.0 |
         Trove |     48 |     48 |      0 |      0 |      0 |   1 |   48.0 |
       Ossuary |    358 |    358 |      0 |      0 |    270 |   1 |  358.0 |
      Ice Cave |    221 |    221 |      0 |     70 |     15 |   1 |  221.0 |
    Desolation |    930 |    930 |      0 |    101 |    502 |   1 |  930.0 |
               +--------+--------+--------+--------+--------+-----+--------+

Top non-repeatable levels by time:
    D:12: 1690 daAuts
     D:6: 1636 daAuts
Vaults:4: 1614 daAuts
    D:10: 1540 daAuts
Vaults:1: 1504 daAuts
Spider:3: 1400 daAuts
     D:7: 1391 daAuts
Vaults:3: 1304 daAuts
Vaults:2: 1300 daAuts
Spider:4: 1271 daAuts
    D:13: 1201 daAuts
     D:4: 1148 daAuts
     D:5: 1104 daAuts
   Elf:3: 1103 daAuts
Spider:2: 1058 daAuts
